 Dungeon Crawl Stone Soup version 0.25-a0-886-gd7461d2276 (webtiles) character file.

Game seed: 2130598055863937910, levelgen mode: classic

11123 EnegeticOcto the Cleaver (level 11, 0/109 HPs)
             Began as a Deep Dwarf Fighter on May 2, 2020.
             Was a Priest of Yredelemnul.
             Slain by a black mamba (6 damage)
             ... on level 1 of the Snake Pit.
             The game lasted 00:18:45 (2135 turns).

EnegeticOcto the Cleaver (Deep Dwarf Fighter)       Turns: 2135, Time: 00:18:47

Health: 0/109      AC: 10    Str: 22    XL:     11   Next: 45%
Magic:  12/12      EV: 10    Int:  9    God:    Yredelemnul [***...]
Gold:   168        SH:  9    Dex: 13    Spells: 10/10 levels left

rFire    . . .     SeeInvis .   h - +3 war axe (flame)
rCold    + . .     Gourm    .   c - +0 kite shield
rNeg     + . .     Faith    .   a - +5 ring mail of the Equinox {rElec rC+}
rPois    .         Spirit   .   (no helmet)
rElec    +         Reflect  .   (no cloak)
rCorr    .         Harm     .   (no gloves)
MR       +....                  (no boots)
Stlth    +.........             u - amulet of rage
HPRegen  0.00/turn              p - ring of positive energy
MPRegen  0.13/turn              k - +2 ring of evasion

@: lethally poisoned (0 -> -22), non-regenerating
A: damage resistance, heal wounds, sense surroundings 2, no regeneration
a: Heal Wounds, Recall Undead Slaves, Injury Mirror, Animate Dead, Renounce
Religion, Evoke Berserk Rage


You were on level 1 of the Snake Pit.
You worshipped Yredelemnul.
Yredelemnul was most pleased with you.
You were not hungry.

You visited 3 branches of the dungeon, and saw 13 of its levels.
You also visited: Bailey.

You collected 168 gold pieces.

Inventory:

Hand Weapons
 h - a +3 war axe of flaming (weapon)
Missiles
 A - a throwing net (quivered) {!f}
Armour
 a - the +5 ring mail of the Equinox (worn) {rElec rC+}
   (You found it on level 8 of the Dungeon)

   It protects you from cold.
   It insulates you from electricity.
 c - a +0 kite shield (worn)
 d - a +0 crystal plate armour
Jewellery
 b - an uncursed ring of see invisible
 j - an uncursed ring of resist corrosion
 k - a +2 ring of evasion (right hand)
 p - a ring of positive energy (left hand)
 r - an uncursed amulet of the acrobat
 u - an amulet of rage (around neck)
Wands
 t - a wand of disintegration (40)
 B - a wand of iceblast (4) {@v2}
Scrolls
 f - 2 scrolls of remove curse {@r2}
 g - a scroll of amnesia
 x - a scroll of teleportation {@r3 !r}
 y - 2 scrolls of fog {!r}
Potions
 i - a potion of mutation {unknown}
 l - 2 potions of haste {@q4 !q}
 m - 2 potions of curing {unknown}
 o - a potion of stabbing {@q5 !q}
 q - a potion of degeneration {unknown}
 w - a potion of resistance {unknown}
 z - a potion of flight {unknown}
Miscellaneous
 s - a phial of floods
Comestibles
 e - 3 rations
 n - 2 chunks of flesh


   Skills:
 + Level 10.2 Fighting
 + Level 13.6 Axes
 - Level 3.2 Armour
 - Level 3.2 Shields
 + Level 12.1 Invocations


You had 10 spell levels left.
You didn't know any spells.
Your spell library was empty.

Dungeon Overview and Level Annotations

Branches:
Dungeon (10/15)              Lair (2/6) D:10          Snake (1/4) Lair:2
 Bailey (visited)
 Temple: D:4-7        Swamp: Lair:2-4    Shoals: Lair:2-4       Orc: D:9-12

Altars:
Dithmenos
Fedhas
Kikubaaqudgha
Nemelex Xobeh
Qazlal
Xom
Yredelemnul

Shops:
D:6 ?   D:9 :

Annotations:
D:8 1 runed translucent door, cica's ghost, novice CeAM
D:10 exclusion: oklob plant


Innate Abilities, Weirdness & Mutations

You are resistant to damage.
You can heal yourself by infusing magical energy.
You passively map the area around you.
You do not regenerate.


Message History

You hit the naga mage. You burn the naga mage.
The naga mage is severely wounded.
You barely miss the black mamba. You hit the naga but do no damage. x2
The black mamba bites you but does no damage.
You block the naga mage's attack. The naga barely misses you.
The naga hits you but does no damage.
You slash the naga mage! You burn the naga mage.
The naga mage is almost dead.
You hit the naga. You burn the naga. You completely miss the naga.
You slash the black mamba! You burn the black mamba.
The black mamba closely misses you. The naga mage barely misses you.
You block the naga's attack. The naga constricts you.
You block the black mamba's attack. The naga hits you with a +0 scimitar.
The naga mage casts a spell at you. You resist with almost no effort.
The naga spits poison at you.
The splash of poison hits you but does no damage.
You are more poisoned.
You slice the naga mage!! You burn the naga mage.
You kill the naga mage!
Yredelemnul accepts your kill.
You closely miss the black mamba. You barely miss the naga. You slash the naga!
You burn the naga.
You kill the naga!
Yredelemnul accepts your kill.
You feel sick. The black mamba bites you. You block the black mamba's attack.
The naga spits poison at you. The splash of poison misses you.
You barely miss the naga. You miss the black mamba.
You feel sick. The black mamba bites you. The naga spits poison at you.
The splash of poison hits you but does no damage.
You are more poisoned.
You block the naga's attack. The naga closely misses you.
You slash the naga! You burn the naga.
The naga is severely wounded.
Your shield prevents you from hitting the black mamba.
You feel sick. The black mamba bites you! The naga barely misses you.
You block the black mamba's attack.
You barely miss the naga.
The naga is severely wounded.
You slash the black mamba! You burn the black mamba.
You feel sick.
The black mamba bites you but does no damage.
The naga spits poison at you. The splash of poison hits you!
You are more poisoned.
The naga hits you from afar with a +0 glaive!
The black mamba bites you.
You feel much better.
You feel very sick. The black mamba barely misses you.
The naga spits poison at you. The splash of poison hits you!
You are more poisoned.
You block the black mamba's attack. The naga spits poison at you.
The splash of poison hits you but does no damage.
You are more poisoned.
You closely miss the naga.
The naga is severely wounded.
You miss the black mamba.
You feel sick. The black mamba closely misses you. You block the naga's attack.
The naga grabs you. The naga constricts you. The naga barely misses you.
You closely miss the naga.
The naga is severely wounded.
You hit the black mamba but do no damage.
You feel very sick. You block the black mamba's attack.
The naga barely misses you. The naga constricts you.
The black mamba bites you but does no damage.
You completely miss the naga.
The naga is severely wounded.
You miss the black mamba.
You feel sick. The black mamba bites you. The naga barely misses you.
The black mamba closely misses you. The naga hits you with a +0 scimitar!
The naga constricts you.
You feel much better.
You feel sick. You block the black mamba's attack.
The naga hits you from afar with a +0 glaive.
The naga hits you with a +0 scimitar! The naga constricts you.
The black mamba bites you!
* * * LOW HITPOINT WARNING * * *
You slash the naga! You burn the naga.
You kill the naga!
Yredelemnul accepts your kill.
You slash the black mamba! You burn the black mamba.
You feel very sick. The black mamba closely misses you.
The naga barely misses you. The black mamba bites you!
* * * LOW HITPOINT WARNING * * *
You feel sick. The black mamba bites you.
* * * LOW HITPOINT WARNING * * *
You are lethally poisoned!
The black mamba poisons you!
You see here a +0 scimitar.
You closely miss the black mamba.
The black mamba is almost dead.
* * * LOW HITPOINT WARNING * * *
You feel very sick. The black mamba bites you!
You die...
Your body rises from the dead as a mindless zombie.

, * * , , ..####...###
...........# ,, ,
..#.......# #### ,
##........###..### ,, ,,
##.........##.....## *## *
......N...#.#......###.#
........).#.........#.#*
** .......@.............##
,,
*,.......S..##..........#
* ,..........#...........#
*
,,,..........#...........#
,
,........#.#...........##
* #......####.....<.......
,, ####### #............##
, #.#..........# *,, , * *
#.#..........#


You could see a black mamba and a naga.

Vanquished Creatures
  Harold (D:10)
  Urug (D:10)
  An orc knight (Bailey)
  A naga mage (Snake:1)
  Maggie (D:8)
  A kobold demonologist (D:10)
  A hippogriff (Lair:1)
  6 yaks (D:9)
  4 wraiths (D:10)
  2 nagas (Snake:1)
  2 water moccasins (D:10)
  Purgy (D:3)
  6 orc warriors (Bailey)
  2 porcupines
  A black bear (D:10)
  2 sky beasts
  An ice beast (D:9)
  An ogre (D:6)
  11 big kobolds
  4 bullfrogs
  A wyvern zombie (D:8)
  6 killer bees (D:10)
  3 wights (D:9)
  A howler monkey (D:6)
  3 hounds
  A jelly (D:7)
  An orc priest (D:3)
  A bullfrog skeleton (D:4)
  2 iguanas (D:4)
  An orc wizard (D:3)
  A worker ant (D:6)
  2 hound skeletons
  3 gnolls (D:8)
  4 adders
  A howler monkey skeleton (D:6)
  An adder skeleton (D:5)
  2 worms
  A dart slug (D:3)
  3 leopard geckos
  13 orcs
  3 giant cockroaches
  2 goblins
  2 hobgoblins
  5 jackals (D:10)
  3 quokkas
  A ball python (D:2)
  A bat (D:2)
  12 kobolds
  A quokka skeleton (D:7)
  A rat (D:2)
  A plant (D:10)
133 creatures vanquished.

Vanquished Creatures (collateral kills)
  Josephine (D:10)
  A hippogriff (D:10)
  A wraith (D:10)
  A hungry ghost (D:6)
  An orc warrior (Bailey)
  A sky beast (D:5)
  A phantom (D:10)
  A bullfrog skeleton (D:6)
  A leopard gecko (D:4)
  2 jackals (D:9)
11 creatures vanquished.

Vanquished Creatures (others)
  A water moccasin zombie (D:10)
  2 killer bee zombies (D:10)
  A kobold zombie (D:9)
4 creatures vanquished.

Grand Total: 148 creatures vanquished

Notes
Turn   | Place    | Note
-------+----------+-------------------------------------------
     0 | D:1      | EnegeticOcto the Deep Dwarf Fighter began the quest for the
                  | Orb.
     0 | D:1      | Reached XP level 1. HP: 20/20 MP: 1/1
    92 | D:2      | Found an ancient bone altar of Kikubaaqudgha.
    92 | D:2      | Found a blossoming altar of Fedhas.
    94 | D:2      | Reached skill level 3 in Axes
    96 | D:2      | Reached XP level 2. HP: 21/27 MP: 2/2
   129 | D:3      | Found a faded altar of an unknown god.
   134 | D:3      | Became a worshipper of Yredelemnul the Dark
   134 | D:3      | Reached * piety under Yredelemnul
   170 | D:3      | Found a sparkling altar of Nemelex Xobeh.
   187 | D:3      | Found a shadowy altar of Dithmenos.
   201 | D:3      | Reached skill level 1 in Invocations
   211 | D:3      | Noticed Purgy
   239 | D:3      | Killed Purgy
   239 | D:3      | Reached skill level 4 in Axes
   239 | D:3      | Reached XP level 3. HP: 30/33 MP: 2/5
   239 | D:3      | Reached XP level 4. HP: 36/40 MP: 2/6
   392 | D:3      | Found a stormy altar of Qazlal.
   409 | D:3      | Reached XP level 5. HP: 29/46 MP: 7/7
   418 | D:3      | Reached skill level 5 in Axes
   458 | D:4      | Found a basalt altar of Yredelemnul.
   550 | D:4      | Reached XP level 6. HP: 24/55 MP: 7/7
   556 | D:4      | Reached skill level 5 in Invocations
   610 | D:5      | Entered Level 5 of the Dungeon
   648 | D:5      | Reached ** piety under Yredelemnul
   705 | D:5      | Noticed a sky beast
   724 | D:5      | Killed a sky beast
   724 | D:5      | Reached skill level 6 in Axes
   755 | D:6      | Found Kixt's Magic Scroll Emporium.
   781 | D:6      | HP: 1/55 [ogre/+0 giant club (22)]
   785 | D:6      | Noticed a sky beast
   786 | D:6      | Reached XP level 7. HP: 42/61 MP: 8/8
   862 | D:7      | Noticed a hungry ghost
   880 | D:6      | Killed a hungry ghost
   880 | D:6      | Reached skill level 7 in Axes
   925 | D:7      | Found a shimmering altar of Xom.
   983 | D:8      | Noticed Maggie
   995 | D:8      | Killed Maggie
   995 | D:8      | Reached skill level 8 in Axes
   995 | D:8      | Reached XP level 8. HP: 47/68 MP: 7/9
  1005 | D:8      | Got a crude ring mail
  1016 | D:8      | Identified the +5 ring mail of the Equinox {rElec rC+} (You
                  | found it on level 8 of the Dungeon)
  1179 | D:9      | Found a flagged portal.
  1199 | Bailey   | Entered a bailey
  1335 | Bailey   | Noticed an orc knight
  1350 | Bailey   | Killed an orc knight
  1350 | Bailey   | Reached skill level 9 in Axes
  1350 | Bailey   | Gained mutation: You passively map the area around you.
                  | [Deep Dwarf growth]
  1350 | Bailey   | Reached XP level 9. HP: 60/79 MP: 8/8
  1363 | Bailey   | Reached skill level 10 in Invocations
  1378 | Bailey   | Reached skill level 12 in Axes
  1378 | Bailey   | Reached XP level 10. HP: 65/98 MP: 9/9
  1545 | D:8      | Found a runed translucent door.
  1545 | D:8      | Found a shimmering altar of Xom.
  1545 | D:8      | Noticed a +3 trident of chaos
  1545 | D:8      | Noticed cica's ghost (novice CeAM)
  1793 | D:10     | Entered Level 10 of the Dungeon
  1847 | D:9      | Found Wyqetar's Book Shoppe.
  1899 | D:10     | Noticed Harold
  1911 | D:10     | Killed Harold
  1911 | D:10     | Reached *** piety under Yredelemnul
  1911 | D:10     | Reached skill level 13 in Axes
  1911 | D:10     | Reached XP level 11. HP: 106/106 MP: 11/11
  1942 | D:10     | Noticed Urug
  1961 | D:10     | Killed Urug
  2006 | D:10     | Found a staircase to the Lair.
  2019 | D:10     | Noticed an oklob plant
  2020 | D:10     | Noticed Josephine
  2028 | D:10     | Killed Josephine
  2034 | D:10     | Reached skill level 10 in Fighting
  2058 | Lair:1   | Entered Level 1 of the Lair of Beasts
  2086 | Lair:2   | Found a staircase to the Snake Pit.
  2092 | Snake:1  | Entered Level 1 of the Snake Pit
  2135 | Snake:1  | Slain by a black mamba

Levels and vault maps discovered:
D:1:      lightli_arrival_maybe_door_vault, layout_basic
D:2:      layout_basic, grunt_temple_overflow_growth_and_decay
D:3:      layout_loops_ring, grunt_qazlal_clouds, lemuel_doored_altar,
          nemelex_xobeh_ov_fountains_minmay, grunt_dithmenos_smoke,
          chequers_ecumenical_altar_simple, uniq_purgy, uniq_sigmund
D:4:      layout_loops_cross, lemuel_crystal_altar, elyvilon_altar_5,
          cheibriados_altar_1, first_ration, lemuel_tele_altar
D:5:      layout_loops_ring, lemuel_round_altar, minmay_temple_entry_junction,
          minmay_bent
D:6:      layout_cave_pools, serial_shops, kennysheep_mini_moat, shop
D:7:      layout_cave_pools, lemuel_crystal_altar, lemuel_round_altar,
          nicolae_overflow_crystal_walls, uniq_pikel
D:8:      layout_loops_corners, ebering_ghost_xom, uniq_maggie
D:9:      layout_basic, enter_bailey_2, serial_shops, nicolae_shop_statue_plus
D:10:     layout_long_grid, dpeg_oklobed_lair, special_room
          [special_room_kobold], uniq_harold, uniq_josephine, uniq_urug
Lair:1:   lemuel_slime, layout_small_grid
Lair:2:   layout_regular_city, dummy_snake_entry,
          maelrawn_ghost_gauntlet_escape, basic_altar, minmay_shattered_shrine
Snake:1:  hangedman_cross_stitches, layout_chambers, gammafunk_ghost_arena,
          minmay_shop_grove, uniq_agnes, uniq_jorgrun

Skill      XL: |  1  2  3  4  5  6  7  8  9 10 11 |
---------------+----------------------------------+-----
Axes           | 3 4 5 6 8 9 12 13 | 13.6
Invocations    | 3 4 6 8 9 10 11 12 | 12.1
Fighting       | 4 8 9 10 | 10.2
Armour         | |  3.2
Shields        | |  3.2

Action                   |  1- 3 |  4- 6 |  7- 9 | 10-12 || total
-------------------------+-------+-------+-------+-------++-------
Melee: War axe           |    58 |   106 |   130 |   150 ||   444
Invok: Animate Remains   |       |     5 |     2 |     2 ||     9
       Injury Mirror     |       |       |     2 |       ||     2
       Animate Dead      |       |       |       |     1 ||     1
 Abil: Heal Wounds       |     3 |     7 |    24 |    10 ||    44
       Evoke Berserk Rag |       |       |       |     1 ||     1
  Use: Scroll            |       |       |     6 |     4 ||    10
       Potion            |       |       |     3 |     1 ||     4
 Stab: Invisible         |       |       |       |    12 ||    12
       Distracted        |       |       |       |     1 ||     1
  Eat: Chunk             |       |       |     4 |     3 ||     7
       Ration            |       |       |     1 |     1 ||     2
Armor: Scale mail        |    72 |    52 |    40 |       ||   164
       Ring mail         |       |       |    21 |    12 ||    33
       Crystal plate arm |       |       |       |   172 ||   172
Dodge: Dodged            |    47 |    34 |    86 |    39 ||   206
Block: Kite shield       |    81 |    78 |    92 |   131 ||   382

Table legend:
 A = Non-vault XP
 B = Vault XP
 C = Vault XP percentage of total XP
 D = Non-vault monster count
 E = Vault monster count
 F = Vault count percentage of total count
                 A         B        C        D         E       F
            +---------+---------+-------+---------+---------+-------
      Total |    5914 |    6728 |  53.2 |     110 |      33 |  23.1
            +---------+---------+-------+---------+---------+-------
        D:1 |       4 |       0 |   0.0 |       2 |       0 |   0.0
        D:2 |      15 |       0 |   0.0 |       8 |       0 |   0.0
        D:3 |     125 |     138 |  52.5 |      12 |       1 |   7.7
        D:4 |     136 |       0 |   0.0 |       8 |       0 |   0.0
        D:5 |     170 |       0 |   0.0 |       4 |       0 |   0.0
        D:6 |     464 |       0 |   0.0 |       8 |       0 |   0.0
        D:7 |     231 |       0 |   0.0 |      11 |       0 |   0.0
        D:8 |     311 |     385 |  55.3 |       7 |       1 |  12.5
        D:9 |    1889 |       0 |   0.0 |      26 |       0 |   0.0
       D:10 |    1219 |    4819 |  79.8 |      18 |      19 |  51.4
     Lair:1 |     403 |       0 |   0.0 |       2 |       0 |   0.0
     Lair:2 |     143 |       0 |   0.0 |       1 |       0 |   0.0
    Snake:1 |     804 |       0 |   0.0 |       3 |       0 |   0.0
     Bailey |       0 |    1386 | 100.0 |       0 |      12 | 100.0
            +---------+---------+-------+---------+---------+-------
